 Dungeon Crawl Stone Soup version 0.31-a0-744-gbc345e7fcb (webtiles) character file.

Game seed: 15596226291380407442

18 cforsyth the Sneak (level 2, -1/25 HPs)
             Began as a Djinni Delver on Sept 14, 2023.
             Slain by Natasha (4 damage)
             ... on level 2 of the Dungeon.
             The game lasted 00:00:47 (420 turns).

cforsyth the Sneak (Djinni Delver)                   Turns: 420, Time: 00:00:47

Health: -1/25      AC:  3    Str: 11    XL:     2   Next: 90%
Gold:   36         EV: 12    Int: 11    God:
                   SH:  0    Dex: 14

rFire   + + .        a - +0 falchion
rCold   x . .        (no shield)
rNeg    . . .        b - +0 leather armour
rPois   ∞            (no helmet)
rElec   .            (no cloak)
rCorr   .            (no gloves)
SInv    +            (boots unavailable)
Will    .....        (no amulet)
Stlth   ++           j - ring of see invisible
HPRegen 0.24/turn    (no ring)
MPRegen 0.00/turn

%: infuse magic (-2 HP)
@: flying, slowed, very slow
A: sickness immunity, fire resistance 2, cold vulnerability 1, float, innate
caster, HP casting, extra vitality 1
a: no special abilities


You were on level 2 of the Dungeon.
You visited 1 branch of the dungeon, and saw 4 of its levels.

You collected 36 gold pieces.

Inventory:

Hand Weapons
 a - a +0 falchion (weapon)
Armour
 b - a +0 leather armour (worn)
Jewellery
 j - a ring of see invisible (left hand)
Wands
 g - a wand of digging (3)
Scrolls
 c - a scroll of fog
 d - a scroll of revelation
 e - 2 scrolls of fear
Potions
 f - a potion of haste
 h - 2 potions of resistance {unknown}
 i - a potion of attraction {unknown}


   Skills:
 + Level 3.4 Fighting
 - Level 1.7 Long Blades
 - Level 2.1 Dodging
 - Level 4.1 Stealth
 + Level 1.0 Spellcasting
 + Level 1.0 Conjurations
 + Level 1.0 Hexes
   Level 0.0 Charms
 + Level 1.0 Summonings
 + Level 1.0 Necromancy
 + Level 1.0 Translocations
 + Level 1.0 Transmutations
 + Level 1.0 Fire Magic
 + Level 1.0 Ice Magic
 + Level 1.0 Air Magic
 + Level 1.0 Earth Magic
 + Level 1.0 Poison Magic You didn't know any spells. Your spell library was empty.

Dungeon Overview and Level Annotations

Branches:
Dungeon (5/15)
 Temple: D:4-7

Altars:

Annotations:
D:2 Natasha


Innate Abilities, Weirdness & Mutations

You are immune to sickness and miasma.
You are immune to poison.
Your flesh is very heat resistant. (rF++)
You are vulnerable to cold. (rC-)
You float through the air rather than walking.
You learn spells naturally, not from books.
Your magical power is your life essence.
You have superior vitality. (+4 MHP)


Message History

The quokka bites you but does no damage.
You barely miss the quokka.
The quokka is almost dead.
The quokka bites you. x2
You are too injured to fight recklessly!
You are too injured to fight recklessly!
You are too injured to fight recklessly!
A quokka is nearby!
You hit the quokka.
You kill the quokka!
Natasha, Servant of Life and Death comes into view.
Natasha is nearby!
Natasha is nearby!
Natasha is nearby!
Natasha hisses angrily.
You start resting.
Natasha is nearby!
Natasha closely misses you.
You hit Natasha but do no damage. Natasha claws you.
You closely miss Natasha.
Natasha mewls in sadness.
Natasha stares at you and mumbles some strange words.
You feel yourself slow down. Natasha barely misses you.
You closely miss Natasha. Natasha barely misses you.
You hit Natasha.
Natasha is lightly wounded.
Natasha claws you. Natasha closely misses you.
You closely miss Natasha.
Natasha is lightly wounded.
Natasha claws you.
* * * LOW HITPOINT WARNING * * *
Natasha claws you.
* * * LOW HITPOINT WARNING * * *
You closely miss Natasha.
Natasha is lightly wounded.
Natasha claws you.
* * * LOW HITPOINT WARNING * * *
Natasha claws you.
You die...
Natasha curls up and begins to purr.

##### #.. ###########.#
### #........##.# ..#
#........#... #.#
##....†...#... #.#
#.........'... ..###
#.###..)....†.#...
..h...#@##..........#...
#.h.............#...
#...........!.?.+...
#...........#####...
###.........+ ..###
####......# ### #.######
#.. .!.# ###


You could see Natasha.

Vanquished Creatures
  2 worms (D:2)
  2 bats
  A goblin (D:2)
  A hobgoblin (D:2)
  A quokka (D:2)
  2 ball pythons
  3 frilled lizards
  2 rats (D:2)
14 creatures vanquished.

Notes
Turn   | Place    | Note
-------+----------+-------------------------------------------
     0 | D:5      | cforsyth the Djinni Delver began the quest for the Orb.
     0 | D:5      | Reached XP level 1. HP: 20/20 MP: 0/0
   284 | D:2      | Reached XP level 2. HP: 11/25 MP: 0/0
   374 | D:2      | Reached skill level 1 in Spellcasting
   374 | D:2      | Reached skill level 1 in Conjurations
   374 | D:2      | Reached skill level 1 in Hexes
   374 | D:2      | Reached skill level 1 in Summonings
   374 | D:2      | Reached skill level 1 in Necromancy
   374 | D:2      | Reached skill level 1 in Translocations
   374 | D:2      | Reached skill level 1 in Transmutations
   374 | D:2      | Reached skill level 1 in Fire Magic
   374 | D:2      | Reached skill level 1 in Ice Magic
   374 | D:2      | Reached skill level 1 in Air Magic
   374 | D:2      | Reached skill level 1 in Earth Magic
   374 | D:2      | Reached skill level 1 in Poison Magic
   409 | D:2      | Noticed Natasha
   420 | D:2      | Slain by Natasha

Illustrated notes

Levels and vault maps discovered:
D:2:      layout_basic, minivault_5, uniq_natasha, uniq_robin
D:3:      layout_basic, lemuel_tele_altar
D:4:      layout_basic, mainiacjoe_overflow_six_doors_small
D:5:      layout_loops_ring, serial_shops, nicolae_shop_rolling_square,
          nicolae_shop_overcharged_wands, uniq_crazy_yiuf_cottage, uniq_edmund

Skill      XL: |  1  2 |
---------------+-------+-----
Spellcasting   | 1 |  1.0
Conjurations   | 1 |  1.0
Hexes          | 1 |  1.0
Summonings     | 1 |  1.0
Necromancy     | 1 |  1.0
Translocations | 1 |  1.0
Transmutations | 1 |  1.0
Fire Magic     | 1 |  1.0
Ice Magic      | 1 |  1.0
Air Magic      | 1 |  1.0
Earth Magic    | 1 |  1.0
Poison Magic   | 1 |  1.0
Fighting       | |  3.4
Long Blades    | |  1.7
Dodging        | |  2.1
Stealth        | |  4.1

Action                     || total
---------------------------++-------
  Melee: Falchion          ||    61
   Stab: Sleeping          ||     3
 Armour: Leather armour    ||    28
  Dodge: Dodged            ||    50

Table legend: (Time is in decaauts)
 A = Elapsed time spent in this place.
 B = Non-inter-level travel time spent in this place.
 C = Inter-level travel time spent in this place.
 D = Time resting spent in this place.
 E = Time spent auto-exploring this place.
 F = Levels seen in this place.
 G = Mean time per level.
                   A        B        C        D        E       F      G
               +--------+--------+--------+--------+--------+-----+--------+
         Total |    433 |    433 |      0 |      2 |    277 |   4 |  108.2 |
       Dungeon |    433 |    433 |      0 |      2 |    277 |   4 |  108.2 |
               +--------+--------+--------+--------+--------+-----+--------+

Top non-repeatable levels by time:
     D:2: 239 daAuts
     D:3: 159 daAuts
     D:5: 24 daAuts
     D:4: 10 daAuts
